 Dungeon Crawl Stone Soup version 0.21.1-1-g345015fe64 (webtiles) character file.

13464 P0ring the Basher (level 11, -5/101 HPs)
             Began as a Minotaur Berserker on Apr 30, 2018.
             Was a High Priest of Trog.
             Slain by a death yak (19 damage)
             ... on level 2 of the Lair of Beasts.
             The game lasted 00:32:30 (12854 turns).

P0ring the Basher (Minotaur Berserker)             Turns: 12854, Time: 00:32:31

Health: -5/101     AC: 18    Str: 26    XL:     11   Next: 75%
Magic:  10/10      EV: 12    Int:  4    God:    Trog [*****.]
Gold:   448        SH:  0    Dex:  9    Spells: 10/10 levels left

rFire    . . .     SeeInvis .   N - +4 flail
rCold    + + .     Gourm    .   (no shield)
rNeg     . . .     Faith    .   O - +2 chain mail {rC+}
rPois    +         Spirit   .   (helmet restricted)
rElec    .         Reflect  .   q - +0 cloak {MR+}
rCorr    .         Harm     +   t - +2 pair of gloves
MR       +++..                  (no boots)
Stlth    ..........             o - amulet of harm
HPRegen  1.26/turn              B - ring of protection from cold
MPRegen  0.12/turn              z - ring of poison resistance

@: regenerating
A: retaliatory headbutt, horns 2
a: Berserk, Trog's Hand, Brothers in Arms, Burn Spellbooks, Renounce Religion


You were on level 2 of the Lair of Beasts.
You worshipped Trog.
Trog was extremely pleased with you.
You were not hungry.

You visited 2 branches of the dungeon, and saw 13 of its levels.

You collected 814 gold pieces.
You spent 366 gold pieces at shops.

Inventory:

Hand Weapons
 a - a +1 mace
 N - a +4 flail (weapon)
Armour
 j - a +0 cloak
 q - a +0 cloak of magic resistance (worn)
 s - a cursed +0 pair of gloves
 t - a +2 pair of gloves (worn)
 E - the +6 scale mail "Nalar" {+Blink rElec Str-5}
   (You found it on level 7 of the Dungeon)

   It affects your strength (-5).
   It insulates you from electricity.
   It lets you blink.
 M - a +1 ring mail of cold resistance
 O - a +2 chain mail of cold resistance (worn)
Jewellery
 b - an uncursed ring of protection from magic
 o - an amulet of harm (around neck)
 r - an uncursed ring of magical power
 z - a ring of poison resistance (right hand)
 B - a ring of protection from cold (left hand)
 C - an uncursed ring of magical power
 J - the cursed ring of the Sixty-Six Ships {MR- Int-5 Dex+6}
   (You found it on level 1 of the Lair of Beasts)

   [ring of intelligence]

   It affects your intelligence (-5).
   It affects your dexterity (+6).
   It affects your resistance to hostile enchantments.
   It has a curse placed upon it.
 K - an uncursed ring of magical power
Wands
 h - a wand of random effects (15)
 i - a wand of clouds (8)
 u - a wand of disintegration (10)
 v - a wand of acid (13)
 w - a wand of enslavement (12)
 D - a wand of flame (8)
 H - a wand of polymorph (17)
 I - a wand of paralysis (4)
Scrolls
 d - 2 scrolls of identify
 k - a scroll of teleportation
 x - 4 scrolls of magic mapping {unknown}
 y - 3 scrolls of remove curse
 A - 3 scrolls of enchant weapon
 G - 2 scrolls of fog
 P - a scroll of blinking {unknown}
Potions
 e - 2 potions of agility
 f - 2 potions of magic
 l - a potion of resistance
 m - 2 potions of invisibility
 n - 3 potions of might
 p - 4 potions of brilliance
 F - 2 potions of haste
Comestibles
 c - 30 rations


   Skills:
 + Level 10.8 Fighting
 * Level 14.2 Maces & Flails
 + Level 10.4 Armour
 + Level 9.6 Dodging


You had 10 spell levels left.
You didn't know any spells.

Dungeon Overview and Level Annotations

Branches:
Dungeon (11/15)            Temple (0/1) D:7            Lair (2/6) D:11
    Orc (0/2) D:9
  Swamp: Lair:2-4    Shoals: Lair:2-4     Snake: Lair:2-4    Spider: Lair:2-4

Altars:
Cheibriados
Elyvilon
Gozag
Hepliaklqana
Makhleb
Nemelex Xobeh
Qazlal
Trog
Xom
Zin
The Shining One

Shops:
D:9 :   D:10 !(:[   D:11 [

Annotations:
D:9 2 transporters


Innate Abilities, Weirdness & Mutations

You reflexively headbutt those who attack you in melee.
You have a pair of horns on your head.


Message History

* * * LOW HITPOINT WARNING * * *
The crocodile bites you but does no damage.
You thump the death yak!
The death yak is almost dead.
Your skin crawls.
You feel resistant to hostile enchantments.
You feel somewhat more hungry. The crocodile closely misses you.
You furiously retaliate!
You headbutt the crocodile! The porcupine closely misses you.
You sock the crocodile!
You kill the crocodile!
Trog accepts your kill. The death yak gores you!
* * * LOW HITPOINT WARNING * * *
You hit the death yak.
The death yak is almost dead.
The porcupine bites you.
* * * LOW HITPOINT WARNING * * *
The death yak gores you!
You die...

#.≈# #........##.## #).......#..#
#........#.## ##.......#.#
#........#.# ### #.......#†##
########P#####.......#..#
##........@r..........##.##
###.........YY...........#.≈#
#P.......................##.)
##.........................†.
##.........................##r
#.#...........................#.
##....÷...P###.PP.##.......#.###
.........#.##.#..###.........####
.<...............##...........##.


You could see 2 death yaks and a porcupine.

Vanquished Creatures
  Josephine (D:10)
  4 death yaks (Lair:2)
  Sonja (D:11)
  An unseen horror (D:11)
  A black mamba (Lair:1)
  2 spiny frogs (Lair:1)
  A rime drake (Lair:2)
  3 komodo dragons (Lair:1)
  A troll (D:11)
  2 hippogriffs
  A spriggan (D:10)
  A wyvern (D:8)
  A basilisk (Lair:1)
  4 wraiths (D:10)
  Grum (D:10)
  6 yaks (D:11)
  A hungry ghost (D:9)
  A soldier ant (D:11)
  3 porcupines
  3 water moccasins (Lair:2)
  2 sky beasts
  2 black bears
  An orc warrior (D:9)
  A necrophage (D:9)
  2 phantoms (D:4)
  3 centaurs
  4 wolves (D:10)
  2 crocodiles (Lair:2)
  2 big kobolds
  6 bullfrogs
  A water moccasin zombie (D:8)
  A scorpion (D:11)
  2 wights (D:9)
  2 electric eels (D:11)
  3 howler monkeys
  A crimson imp (D:10)
  A bullfrog zombie (D:9)
  A quasit (D:9)
  4 bullfrog skeletons
  5 hounds
  A jelly (D:11)
  5 orc priests
  4 iguanas
  7 orc wizards
  8 worker ants
  2 hound skeletons
  3 worker ant zombies
  6 gnolls
  A howler monkey zombie (D:11)
  6 adders
  3 shadow imps
  An ooze (D:1)
  An adder zombie (D:6)
  2 adder skeletons
  A worm (D:6)
  2 dart slugs
  5 leopard geckos
  59 orcs
  A ball python (D:1)
  9 giant cockroaches
  8 goblins
  A hobgoblin (D:1)
  16 jackals
  3 quokkas
  14 bats
  6 frilled lizards
  9 kobolds
  A quokka zombie (D:5)
  4 rats (D:2)
  A fungus (Lair:1)
275 creatures vanquished.

Vanquished Creatures (others)
  3 plants (D:11)
3 creatures vanquished.

Grand Total: 278 creatures vanquished

Notes
Turn   | Place    | Note
-------+----------+-------------------------------------------
     0 | D:1      | P0ring the Minotaur Berserker began the quest for the Orb.
     0 | D:1      | Reached XP level 1. HP: 19/19 MP: 0/0
   386 | D:1      | Reached XP level 2. HP: 23/27 MP: 1/1
   398 | D:1      | Reached skill level 4 in Maces & Flails
   824 | D:2      | Reached ** piety under Trog
   885 | D:2      | Noticed a bullfrog
   895 | D:2      | Reached XP level 3. HP: 14/33 MP: 2/2
   897 | D:2      | Killed a bullfrog
   897 | D:2      | Reached XP level 4. HP: 12/40 MP: 3/3
  1182 | D:2      | Reached skill level 5 in Maces & Flails
  1834 | D:2      | Reached XP level 5. HP: 47/47 MP: 4/4
  1931 | D:2      | Found a glowing silver altar of Zin.
  1932 | D:2      | Found a glowing golden altar of the Shining One.
  1935 | D:2      | Found a white marble altar of Elyvilon.
  2034 | D:3      | Reached *** piety under Trog
  2215 | D:3      | Found a white marble altar of Elyvilon.
  2860 | D:4      | Found an opulent altar of Gozag.
  3154 | D:4      | Noticed a phantom
  3173 | D:4      | Killed a phantom
  3173 | D:4      | Reached skill level 5 in Fighting
  3173 | D:4      | Reached skill level 6 in Maces & Flails
  3173 | D:4      | Reached XP level 6. HP: 50/56 MP: 5/5
  3274 | D:4      | Found a stormy altar of Qazlal.
  3326 | D:4      | Found an opulent altar of Gozag.
  3327 | D:4      | Found a sparkling altar of Nemelex Xobeh.
  3581 | D:4      | Reached XP level 7. HP: 58/61 MP: 6/6
  3839 | D:5      | Entered Level 5 of the Dungeon
  3903 | D:5      | Reached skill level 7 in Maces & Flails
  3952 | D:5      | Reached **** piety under Trog
  4030 | D:5      | Reached skill level 5 in Armour
  4821 | D:6      | Reached skill level 8 in Maces & Flails
  4821 | D:6      | Reached skill level 5 in Dodging
  4821 | D:6      | Reached XP level 8. HP: 44/70 MP: 7/7
  5462 | D:7      | Found a burning altar of Makhleb.
  5494 | D:7      | Found a staircase to the Ecumenical Temple.
  5673 | D:7      | Got a transparent scale mail
  5684 | D:7      | Identified the +6 scale mail "Nalar" {+Blink rElec Str-5} (You found it on level 7 of the Dungeon)
  6142 | D:8      | Found a snail-covered altar of Cheibriados.
  6155 | D:8      | Reached ***** piety under Trog
  6155 | D:8      | Reached skill level 9 in Maces & Flails
  6313 | D:8      | Reached XP level 9. HP: 77/79 MP: 8/8
  6788 | D:9      | Found a shimmering altar of Xom.
  6789 | D:9      | Found a hazy altar of Hepliaklqana.
  6790 | D:9      | Noticed a spectral ugly thing
  6874 | D:9      | Found a transporter.
  6876 | D:9      | Found a transporter.
  6877 | D:9      | Got an iridescent dire flail
  6878 | D:9      | Identified the cursed +1 dire flail "Giantslayer" {crush, *Rage rF+ Int+3} (You found it on level 9 of the Dungeon)
  6928 | D:9      | Reached skill level 10 in Maces & Flails
  7538 | D:9      | Found a staircase to the Orcish Mines.
  7818 | D:9      | Noticed an ettin
  7819 | D:9      | Noticed a cyclops
  7827 | D:9      | Found a bloodstained altar of Trog.
  7871 | D:9      | Found Pilenur's Book Shop.
  8332 | D:10     | Entered Level 10 of the Dungeon
  8348 | D:10     | Found Foriaqocymn's Book Emporium.
  8573 | D:10     | Noticed Grum
  8580 | D:10     | Killed Grum
  8668 | D:10     | Found Qetityaq's Armour Shop.
  8765 | D:10     | Reached skill level 11 in Maces & Flails
  8771 | D:10     | Noticed Josephine
  8781 | D:10     | Killed Josephine
  8781 | D:10     | Reached XP level 10. HP: 63/90 MP: 9/9
  9199 | D:10     | Found Jeustries's Weapon Shop.
  9294 | D:10     | Found Eraj's Distillery.
  9299 | D:10     | Bought a potion of magic for 96 gold pieces
  9299 | D:10     | Bought a potion of heal wounds for 60 gold pieces
  9553 | D:11     | Reached skill level 12 in Maces & Flails
  9583 | D:11     | Found Zaxzugg's Antique Armour Shoppe.
  9776 | D:11     | Bought a glowing cloak for 210 gold pieces
 10056 | D:11     | Noticed Sonja
 10074 | D:11     | Killed Sonja
 10086 | D:11     | Found a staircase to the Lair.
 10120 | D:11     | Killed an unseen horror
 10253 | D:11     | Received a gift from Trog
 10470 | D:11     | HP: 2/93 [electric eel/bolt of electricity (4)]
 10476 | D:11     | HP: 4/93 [electric eel/bolt of electricity (14)]
 11007 | Lair:1   | Entered Level 1 of the Lair of Beasts
 11033 | Lair:1   | Reached XP level 11. HP: 91/99 MP: 10/10
 11127 | Lair:1   | Reached skill level 13 in Maces & Flails
 11157 | Lair:1   | Reached skill level 10 in Fighting
 11592 | Lair:1   | Got an ancient wooden ring
 11608 | Lair:1   | Identified the cursed ring of the Sixty-Six Ships {MR- Int-5 Dex+6} (You found it on level 1 of the Lair of Beasts)
 12746 | Lair:2   | Noticed a death yak
 12747 | Lair:2   | Noticed a death yak
 12748 | Lair:2   | Noticed a death yak
 12749 | Lair:2   | Noticed a death yak
 12749 | Lair:2   | Noticed a death yak
 12749 | Lair:2   | Noticed a death yak
 12769 | Lair:2   | Reached skill level 10 in Armour
 12773 | Lair:2   | Killed a death yak
 12776 | Lair:2   | Killed a death yak
 12779 | Lair:2   | Killed a death yak
 12779 | Lair:2   | Reached skill level 14 in Maces & Flails
 12782 | Lair:2   | HP: 5/101 [death yak (14)]
 12791 | Lair:2   | HP: 3/101 [death yak (18)]
 12832 | Lair:2   | Killed a death yak
 12854 | Lair:2   | Slain by a death yak

Skill      XL: |  1  2  3  4  5  6  7  8  9 10 11 |
---------------+----------------------------------+-----
Maces & Flails | 4 5 6 8 9 11 12 14 | 14.2
Fighting       | 4 5 6 7 8 9 10 | 10.8
Armour         | 3 4 5 6 8 9 10 | 10.4
Dodging        | 3 4 5 6 7 8 9 |  9.6

Action                   |  1- 3 |  4- 6 |  7- 9 | 10-12 || total
-------------------------+-------+-------+-------+-------++-------
Melee: Mace              |    51 |   142 |   275 |       ||   468
       Headbutt          |     8 |    29 |    55 |    42 ||   134
       Flail             |       |       |    67 |   221 ||   288
       Dire flail        |       |       |    47 |       ||    47
Invok: Burn Spellbooks   |       |       |     1 |     1 ||     2
       Berserk           |       |       |     4 |     3 ||     7
       Trog's Hand       |       |       |       |     2 ||     2
Evoke: Wand              |       |       |       |     8 ||     8
  Use: Scroll            |     3 |     3 |    16 |     4 ||    26
       Potion            |       |       |       |    12 ||    12
 Stab: Paralysed         |       |       |       |     3 ||     3
  Eat: Chunk             |       |     5 |    12 |     8 ||    25
       Ration            |       |     1 |     3 |     3 ||     7
Armor: Ring mail         |    32 |    23 |       |       ||    55
       Chain mail        |       |    26 |   178 |   130 ||   334
Dodge: Dodged            |    37 |    84 |   191 |   114 ||   426
